[ AOE2 MATCH · #476831881 ]
UnrankedBritons vs Aztecs
[ REPLAY ANALYSIS · EXTRACTED FROM THE RECORDED GAME ]
Feudal
11:23
Castle
15:08
Imperial
28:05
| APM avg | 37.1 |
| APM peak | 103 |
| eAPM avg | 22.6 |
| Villagers / military | 155 / 71 |
Focus
⚔️ 26.8% · 🌾 73.2%
Longbowman ×71 · Trade Cart ×2
Feudal
10:31
Castle
14:04
Imperial
25:59
| APM avg | 31.8 |
| APM peak | 69 |
| eAPM avg | 20.7 |
| Villagers / military | 133 / 79 |
Focus
⚔️ 34.6% · 🌾 65.4%
Eagle Scout ×67 · Trebuchet (Packed) ×4 · Petard ×3 · Battering Ram ×3 · Monk ×2 · Unknown (1105) ×1
Feudal
10:56
Castle
14:41
Imperial
32:47
| APM avg | 38.6 |
| APM peak | 78 |
| eAPM avg | 17.8 |
| Villagers / military | 125 / 20 |
Focus
⚔️ 13.1% · 🌾 86.9%
Mangudai ×15 · Battering Ram ×3 · Mangonel ×2
Feudal
10:31
Castle
14:10
Imperial
27:43
| APM avg | 38.1 |
| APM peak | 108 |
| eAPM avg | 22.7 |
| Villagers / military | 143 / 96 |
Focus
⚔️ 35.9% · 🌾 64.1%
Genoese Crossbowman ×68 · Scout Cavalry ×24 · Trebuchet (Packed) ×3 · Monk ×1
Feudal
9:45
Castle
13:21
Imperial
28:05
| APM avg | 39.7 |
| APM peak | 78 |
| eAPM avg | 25.3 |
| Villagers / military | 149 / 85 |
Focus
⚔️ 27.7% · 🌾 72.3%
Skirmisher ×41 · Elephant Archer ×25 · Bombard Cannon ×8 · Armored Elephant ×4 · Trebuchet (Packed) ×4 · Monk ×3
Feudal
10:31
Castle
14:26
Imperial
30:02
| APM avg | 34.8 |
| APM peak | 86 |
| eAPM avg | 17.6 |
| Villagers / military | 124 / 20 |
Focus
⚔️ 31.5% · 🌾 68.5%
Gbeto ×12 · Monk ×4 · Mangonel ×4
Feudal
11:47
Castle
15:17
Imperial
—
| APM avg | 45.9 |
| APM peak | 153 |
| eAPM avg | 22.4 |
| Villagers / military | 75 / 71 |
Focus
⚔️ 43.0% · 🌾 57.0%
Arambai ×55 · Battering Ram ×10 · Mangonel ×5 · Spearman ×1
Feudal
11:17
Castle
14:59
Imperial
33:43
| APM avg | 53.0 |
| APM peak | 76 |
| eAPM avg | 28.3 |
| Villagers / military | 146 / 36 |
Focus
⚔️ 26.6% · 🌾 73.4%
Battering Ram ×14 · Mangonel ×7 · Boyar ×6 · Scorpion ×5 · Scout Cavalry ×2 · Knight ×1
Match map
Initial resources + every placement click. Lines = walls · curves = elevation contours. ◆ gold · ⬟ stone · ● berries · ✦ relic · ◌ wall gap
Your base· ✓ Closed at 15:08 · 14t walls · 2 gate(s)
ARKINE's base· ✓ Closed at 14:04 · 0t walls · 3 gate(s)
姆狗's base· ✓ Closed at 14:41 · 0t walls · 3 gate(s)
Kaarlos's base· ✓ Closed at 14:10 · 15t walls · 3 gate(s)
摆烂菜鸟's base· ✓ Closed at 13:21 · 6t walls · 5 gate(s)
gottagou's base· ✓ Closed at 14:26 · 0t walls · 3 gate(s)
Yuzu's base· ✓ Closed at 15:17 · 0t walls · 2 gate(s)
knife's base· ✓ Closed at 14:59 · 7t walls · 3 gate(s)
Smoothed initial terrain · ◌ = detected wall gap · hover for details
Inputs per minute
— weski - - ARKINE
Build order — weski
First 150 of 390 actions detected
| 0:01 | Queue | Villager (Male) |
| 0:02 | Queue | Villager (Male) |
| 0:02 | Queue | Villager (Male) |
| 0:02 | Queue | Villager (Male) |
| 0:04 | Build | House |
| 0:05 | Build | House |
| 1:22 | Queue | Villager (Male) |
| 1:50 | Build | Lumber Camp |
| 1:51 | Queue | Villager (Male) |
| 1:57 | Queue | Villager (Male) |
| 2:19 | Queue | Villager (Male) |
| 2:19 | Queue | Villager (Male) |
| 2:34 | Build | Palisade Wall |
| 2:37 | Build | Palisade Wall |
| 2:39 | Build | Palisade Wall |
| 2:42 | Queue | Villager (Male) |
| 2:43 | Build | Palisade Wall |
| 2:46 | Build | Palisade Wall |
| 2:51 | Build | Palisade Wall |
| 2:53 | Build | Palisade Wall |
| 2:56 | Build | Palisade Wall |
| 2:58 | Build | Palisade Wall |
| 3:01 | Build | Palisade Wall |
| 3:04 | Build | Palisade Wall |
| 3:08 | Build | Palisade Wall |
| 3:08 | Queue | Villager (Male) |
| 3:10 | Build | Palisade Wall |
| 3:12 | Build | Palisade Wall |
| 3:15 | Build | House |
| 3:17 | Queue | Villager (Male) |
| 3:50 | Queue | Villager (Male) |
| 4:00 | Queue | Villager (Male) |
| 4:43 | Queue | Villager (Male) |
| 4:43 | Queue | Villager (Male) |
| 5:07 | Queue | Villager (Male) |
| 5:09 | Queue | Villager (Male) |
| 5:09 | Queue | Villager (Male) |
| 5:09 | Queue | Villager (Male) |
| 5:12 | Build | House |
| 5:40 | Queue | Villager (Male) |
| 5:40 | Queue | Villager (Male) |
| 5:41 | Queue | Villager (Male) |
| 5:44 | Build | House |
| 6:24 | Build | Mill |
| 7:52 | Build | Mining Camp |
| 8:23 | Queue | Villager (Male) |
| 9:02 | Research | Feudal Age |
| 9:13 | Build | Farm |
| 9:15 | Build | Farm |
| 9:20 | Build | Farm |
| 9:23 | Queue | Villager (Male) |
| 9:24 | Queue | Villager (Male) |
| 10:01 | Build | House |
| 10:02 | Build | House |
| 10:54 | Build | Farm |
| 10:57 | Build | Farm |
| 11:23 | Age | Feudal Age |
| 11:25 | Build | Market |
| 11:27 | Build | Blacksmith |
| 12:28 | Research | Castle Age |
| 12:36 | Build | Farm |
| 12:38 | Build | Farm |
| 13:01 | Research | Double-Bit Axe |
| 13:01 | Research | Double-Bit Axe |
| 13:21 | Research | Horse Collar |
| 14:35 | Queue | Villager (Male) |
| 14:36 | Queue | Villager (Male) |
| 15:08 | Age | Castle Age |
| 15:09 | Build | Town Center |
| 15:14 | Build | Town Center |
| 15:30 | Build | Town Center |
| 15:37 | Queue | Villager (Male) |
| 15:41 | Research | Bow Saw |
| 15:46 | Build | Farm |
| 15:48 | Build | Farm |
| 15:52 | Build | Farm |
| 16:00 | Queue | Villager (Male) |
| 16:12 | Build | House |
| 16:13 | Build | House |
| 16:21 | Build | Farm |
| 16:26 | Queue | Villager (Male) |
| 16:33 | Queue | Villager (Male) |
| 16:35 | Queue | Villager (Male) |
| 16:39 | Queue | Villager (Male) |
| 16:46 | Queue | Villager (Male) |
| 16:49 | Build | Farm |
| 16:50 | Queue | Villager (Male) |
| 16:54 | Queue | Villager (Male) |
| 17:02 | Build | Farm |
| 17:05 | Build | Farm |
| 17:10 | Build | Farm |
| 17:10 | Queue | Villager (Male) |
| 17:16 | Queue | Villager (Male) |
| 17:18 | Build | Farm |
| 17:23 | Build | Farm |
| 17:29 | Queue | Villager (Male) |
| 17:29 | Queue | Villager (Male) |
| 17:32 | Build | Farm |
| 17:41 | Build | House |
| 17:42 | Queue | Villager (Male) |
| 17:45 | Build | Farm |
| 17:57 | Queue | Villager (Male) |
| 18:08 | Queue | Villager (Male) |
| 18:14 | Build | Farm |
| 18:14 | Build | Farm |
| 18:15 | Build | Farm |
| 18:15 | Queue | Villager (Male) |
| 18:19 | Build | Farm |
| 18:23 | Build | Farm |
| 18:26 | Queue | Villager (Male) |
| 18:26 | Queue | Villager (Male) |
| 18:26 | Queue | Villager (Male) |
| 18:27 | Queue | Villager (Male) |
| 18:32 | Queue | Villager (Male) |
| 18:36 | Build | Farm |
| 18:39 | Queue | Villager (Male) |
| 18:39 | Queue | Villager (Male) |
| 18:45 | Queue | Villager (Male) |
| 18:45 | Queue | Villager (Male) |
| 18:49 | Build | Farm |
| 18:50 | Build | Farm |
| 19:00 | Queue | Villager (Male) |
| 19:04 | Build | Farm |
| 19:05 | Queue | Villager (Male) |
| 19:05 | Queue | Villager (Male) |
| 19:11 | Build | House |
| 19:12 | Build | House |
| 19:16 | Build | House |
| 19:22 | Queue | Villager (Male) |
| 19:22 | Queue | Villager (Male) |
| 19:22 | Queue | Villager (Male) |
| 19:25 | Queue | Villager (Male) |
| 19:32 | Build | Farm |
| 19:33 | Build | Farm |
| 19:34 | Queue | Villager (Male) |
| 19:35 | Build | Farm |
| 19:38 | Queue | Villager (Male) |
| 19:38 | Queue | Villager (Male) |
| 19:39 | Build | Farm |
| 19:42 | Queue | Villager (Male) |
| 19:47 | Queue | Villager (Male) |
| 19:48 | Queue | Villager (Male) |
| 19:48 | Queue | Villager (Male) |
| 19:51 | Build | Farm |
| 19:51 | Queue | Villager (Male) |
| 19:51 | Queue | Villager (Male) |
| 20:00 | Queue | Villager (Male) |
| 20:01 | Queue | Villager (Male) |
| 20:06 | Queue | Villager (Male) |
| 20:08 | Queue | Villager (Male) |
Build order — ARKINE
First 150 of 342 actions detected
| 0:01 | Queue | Villager (Male) |
| 0:01 | Queue | Villager (Male) |
| 0:03 | Build | House |
| 0:04 | Build | House |
| 0:10 | Queue | Villager (Male) |
| 0:10 | Queue | Villager (Male) |
| 0:11 | Queue | Villager (Male) |
| 1:35 | Queue | Villager (Male) |
| 1:35 | Queue | Villager (Male) |
| 2:03 | Queue | Villager (Male) |
| 2:03 | Queue | Villager (Male) |
| 2:18 | Queue | Villager (Male) |
| 2:51 | Queue | Villager (Male) |
| 2:52 | Queue | Villager (Male) |
| 3:03 | Queue | Villager (Male) |
| 3:03 | Queue | Villager (Male) |
| 3:18 | Build | Lumber Camp |
| 3:42 | Queue | Villager (Male) |
| 3:43 | Queue | Villager (Male) |
| 3:50 | Build | House |
| 3:52 | Build | House |
| 3:53 | Queue | Villager (Male) |
| 3:53 | Queue | Villager (Male) |
| 4:30 | Queue | Villager (Male) |
| 4:59 | Queue | Villager (Male) |
| 4:59 | Queue | Villager (Male) |
| 5:04 | Build | Mill |
| 5:22 | Queue | Villager (Male) |
| 5:22 | Queue | Villager (Male) |
| 5:43 | Build | Farm |
| 5:50 | Queue | Villager (Male) |
| 5:50 | Queue | Villager (Male) |
| 6:00 | Build | Farm |
| 6:10 | Queue | Villager (Male) |
| 6:10 | Queue | Villager (Male) |
| 6:15 | Queue | Villager (Male) |
| 6:16 | Queue | Villager (Male) |
| 6:45 | Queue | Villager (Male) |
| 6:45 | Queue | Villager (Male) |
| 7:00 | Queue | Villager (Male) |
| 7:01 | Queue | Villager (Male) |
| 7:09 | Build | Mill |
| 7:31 | Queue | Villager (Male) |
| 8:19 | Research | Feudal Age |
| 9:00 | Queue | Villager (Male) |
| 9:18 | Build | Farm |
| 9:33 | Build | House |
| 9:40 | Queue | Villager (Male) |
| 10:31 | Age | Feudal Age |
| 10:34 | Build | Market |
| 10:38 | Build | Blacksmith |
| 11:24 | Research | Castle Age |
| 11:24 | Research | Castle Age |
| 11:33 | Build | Lumber Camp |
| 12:05 | Research | Double-Bit Axe |
| 12:05 | Research | Double-Bit Axe |
| 12:32 | Research | Horse Collar |
| 12:32 | Research | Horse Collar |
| 12:36 | Build | Farm |
| 13:15 | Queue | Villager (Male) |
| 13:47 | Queue | Villager (Male) |
| 14:04 | Age | Castle Age |
| 14:07 | Build | Town Center |
| 14:11 | Build | Town Center |
| 14:16 | Research | Heavy Plow |
| 14:35 | Research | Bow Saw |
| 14:47 | Queue | Villager (Male) |
| 14:51 | Build | Farm |
| 15:11 | Queue | Villager (Male) |
| 15:13 | Build | Farm |
| 15:22 | Build | Farm |
| 15:23 | Queue | Villager (Male) |
| 15:31 | Queue | Villager (Male) |
| 15:35 | Build | Farm |
| 15:47 | Queue | Villager (Male) |
| 15:50 | Build | Farm |
| 15:53 | Build | Farm |
| 16:05 | Build | Farm |
| 16:07 | Queue | Villager (Male) |
| 16:07 | Queue | Villager (Male) |
| 16:16 | Build | House |
| 16:21 | Build | Farm |
| 16:23 | Queue | Villager (Male) |
| 16:27 | Build | Farm |
| 16:35 | Build | Farm |
| 16:39 | Build | House |
| 16:44 | Build | Farm |
| 16:48 | Build | Farm |
| 16:48 | Queue | Villager (Male) |
| 16:49 | Queue | Villager (Male) |
| 16:53 | Build | Farm |
| 16:56 | Queue | Villager (Male) |
| 16:59 | Build | Farm |
| 17:02 | Queue | Villager (Male) |
| 17:03 | Queue | Villager (Male) |
| 17:07 | Build | Farm |
| 17:24 | Build | Monastery |
| 17:25 | Queue | Villager (Male) |
| 17:30 | Build | Farm |
| 17:31 | Queue | Villager (Male) |
| 17:31 | Queue | Villager (Male) |
| 17:39 | Queue | Villager (Male) |
| 17:43 | Build | Farm |
| 17:49 | Queue | Villager (Male) |
| 17:50 | Queue | Villager (Male) |
| 17:50 | Queue | Villager (Male) |
| 17:53 | Build | Farm |
| 17:56 | Build | Farm |
| 18:02 | Build | House |
| 18:04 | Queue | Villager (Male) |
| 18:05 | Queue | Villager (Male) |
| 18:11 | Queue | Villager (Male) |
| 18:23 | Queue | Villager (Male) |
| 18:27 | Build | Farm |
| 18:31 | Queue | Villager (Male) |
| 18:39 | Build | Farm |
| 18:40 | Queue | Villager (Male) |
| 18:43 | Build | House |
| 18:44 | Queue | Villager (Male) |
| 18:47 | Build | Farm |
| 18:48 | Queue | Villager (Male) |
| 18:50 | Build | Farm |
| 18:51 | Queue | Villager (Male) |
| 18:53 | Build | Farm |
| 18:54 | Build | Farm |
| 18:56 | Queue | Villager (Male) |
| 19:00 | Queue | Monk |
| 19:09 | Queue | Villager (Male) |
| 19:13 | Build | Farm |
| 19:16 | Build | Farm |
| 19:17 | Queue | Villager (Male) |
| 19:20 | Build | House |
| 19:21 | Build | House |
| 19:23 | Queue | Villager (Male) |
| 19:26 | Build | Farm |
| 19:27 | Build | Farm |
| 19:31 | Queue | Villager (Male) |
| 19:33 | Queue | Villager (Male) |
| 19:37 | Build | Farm |
| 19:48 | Queue | Villager (Male) |
| 19:48 | Queue | Villager (Male) |
| 19:51 | Queue | Villager (Male) |
| 19:55 | Queue | Villager (Male) |
| 20:02 | Build | Mining Camp |
| 20:06 | Queue | Villager (Male) |
| 20:09 | Queue | Villager (Male) |
| 20:18 | Build | House |
| 20:18 | Queue | Villager (Male) |
| 20:22 | Queue | Villager (Male) |
| 20:30 | Queue | Villager (Male) |
Build order — 姆狗
First 150 of 261 actions detected
| 0:01 | Queue | Villager (Male) |
| 0:02 | Build | House |
| 0:04 | Build | House |
| 0:08 | Queue | Villager (Male) |
| 0:08 | Queue | Villager (Male) |
| 0:08 | Queue | Villager (Male) |
| 1:27 | Queue | Villager (Male) |
| 1:52 | Build | Lumber Camp |
| 2:01 | Queue | Villager (Male) |
| 2:17 | Queue | Villager (Male) |
| 2:51 | Queue | Villager (Male) |
| 3:08 | Queue | Villager (Male) |
| 3:34 | Queue | Villager (Male) |
| 3:35 | Queue | Villager (Male) |
| 3:57 | Build | House |
| 4:02 | Build | Mill |
| 4:04 | Queue | Villager (Male) |
| 4:28 | Queue | Villager (Male) |
| 4:29 | Queue | Villager (Male) |
| 4:29 | Queue | Villager (Male) |
| 5:17 | Queue | Villager (Male) |
| 5:21 | Queue | Villager (Male) |
| 5:21 | Queue | Villager (Male) |
| 5:40 | Queue | Villager (Male) |
| 5:40 | Queue | Villager (Male) |
| 5:57 | Build | House |
| 6:08 | Queue | Villager (Male) |
| 6:11 | Queue | Villager (Male) |
| 6:31 | Build | Mill |
| 6:46 | Queue | Villager (Male) |
| 7:02 | Queue | Villager (Male) |
| 8:05 | Build | Mining Camp |
| 8:36 | Build | Mining Camp |
| 8:43 | Research | Feudal Age |
| 10:08 | Build | House |
| 10:15 | Build | Farm |
| 10:28 | Queue | Villager (Male) |
| 10:29 | Queue | Villager (Male) |
| 10:56 | Age | Feudal Age |
| 11:04 | Build | Market |
| 11:11 | Build | Blacksmith |
| 11:47 | Research | Double-Bit Axe |
| 12:01 | Research | Castle Age |
| 12:01 | Research | Castle Age |
| 13:13 | Research | Loom |
| 13:47 | Build | Farm |
| 13:48 | Build | Farm |
| 13:49 | Build | Farm |
| 13:51 | Research | Horse Collar |
| 14:36 | Queue | Villager (Male) |
| 14:36 | Queue | Villager (Male) |
| 14:41 | Age | Castle Age |
| 14:55 | Build | Farm |
| 14:56 | Build | Farm |
| 15:09 | Build | Castle |
| 15:42 | Build | House |
| 16:13 | Queue | Villager (Male) |
| 16:13 | Queue | Villager (Male) |
| 16:15 | Research | Bow Saw |
| 16:21 | Build | Town Center |
| 16:48 | Queue | Mangudai |
| 16:49 | Queue | Mangudai |
| 16:57 | Queue | Villager (Male) |
| 17:04 | Build | Farm |
| 17:05 | Build | Farm |
| 17:09 | Queue | Villager (Male) |
| 17:25 | Build | Siege Workshop |
| 17:30 | Build | Lumber Camp |
| 17:38 | Queue | Villager (Male) |
| 17:46 | Queue | Villager (Male) |
| 18:08 | Queue | Battering Ram |
| 18:08 | Queue | Battering Ram |
| 18:19 | Queue | Villager (Male) |
| 18:22 | Build | Farm |
| 18:31 | Build | Farm |
| 18:32 | Queue | Villager (Male) |
| 18:41 | Queue | Mangudai |
| 18:46 | Queue | Villager (Male) |
| 18:49 | Build | Farm |
| 18:53 | Queue | Villager (Male) |
| 19:00 | Queue | Mangudai |
| 19:07 | Build | Farm |
| 19:13 | Build | Farm |
| 19:15 | Queue | Villager (Male) |
| 19:36 | Queue | Villager (Male) |
| 19:39 | Build | Farm |
| 19:40 | Build | Farm |
| 19:44 | Queue | Villager (Male) |
| 19:51 | Build | Farm |
| 19:55 | Build | House |
| 19:55 | Build | House |
| 20:13 | Queue | Mangudai |
| 20:17 | Research | Fletching |
| 20:18 | Queue | Villager (Male) |
| 20:19 | Queue | Villager (Male) |
| 20:21 | Build | Farm |
| 20:27 | Queue | Mangudai |
| 21:00 | Queue | Mangudai |
| 21:18 | Queue | Villager (Male) |
| 21:18 | Queue | Villager (Male) |
| 21:24 | Queue | Mangudai |
| 21:56 | Queue | Villager (Male) |
| 21:56 | Queue | Villager (Male) |
| 21:57 | Queue | Villager (Male) |
| 21:57 | Queue | Villager (Male) |
| 21:57 | Queue | Villager (Male) |
| 21:58 | Queue | Villager (Male) |
| 22:03 | Build | Town Center |
| 22:15 | Queue | Mangudai |
| 22:27 | Queue | Battering Ram |
| 22:29 | Queue | Mangudai |
| 22:34 | Queue | Villager (Male) |
| 22:35 | Queue | Villager (Male) |
| 22:39 | Build | Farm |
| 22:41 | Build | Farm |
| 22:47 | Queue | Villager (Male) |
| 22:47 | Queue | Villager (Male) |
| 22:49 | Queue | Villager (Male) |
| 22:51 | Build | House |
| 22:52 | Build | House |
| 22:53 | Build | House |
| 22:54 | Build | House |
| 23:04 | Research | Wheelbarrow |
| 23:04 | Research | Wheelbarrow |
| 23:09 | Queue | Mangudai |
| 23:30 | Queue | Mangudai |
| 24:17 | Queue | Mangonel |
| 24:41 | Queue | Villager (Male) |
| 24:42 | Queue | Villager (Male) |
| 24:42 | Queue | Villager (Male) |
| 24:42 | Queue | Villager (Male) |
| 24:42 | Queue | Villager (Male) |
| 24:44 | Queue | Villager (Male) |
| 24:44 | Queue | Villager (Male) |
| 24:46 | Build | Farm |
| 24:47 | Build | Farm |
| 24:48 | Build | Farm |
| 24:50 | Build | Farm |
| 24:50 | Build | Farm |
| 24:52 | Build | Farm |
| 24:53 | Build | Farm |
| 24:54 | Build | Farm |
| 24:57 | Queue | Villager (Male) |
| 24:58 | Queue | Villager (Male) |
| 25:08 | Queue | Mangudai |
| 25:08 | Queue | Mangudai |
| 25:16 | Queue | Mangudai |
| 25:49 | Queue | Villager (Male) |
| 25:50 | Queue | Villager (Male) |
| 25:52 | Queue | Villager (Male) |
Build order — Kaarlos
First 150 of 391 actions detected
| 0:00 | Queue | Villager (Male) |
| 0:01 | Queue | Villager (Male) |
| 0:02 | Build | House |
| 0:03 | Build | House |
| 0:09 | Queue | Villager (Male) |
| 0:09 | Queue | Villager (Male) |
| 1:24 | Queue | Villager (Male) |
| 1:24 | Queue | Villager (Male) |
| 1:44 | Build | Lumber Camp |
| 1:59 | Queue | Villager (Male) |
| 2:14 | Queue | Villager (Male) |
| 2:42 | Build | Palisade Wall |
| 2:43 | Build | Palisade Wall |
| 2:44 | Queue | Villager (Male) |
| 3:04 | Queue | Villager (Male) |
| 3:24 | Build | House |
| 3:41 | Queue | Villager (Male) |
| 3:57 | Queue | Villager (Male) |
| 4:34 | Queue | Villager (Male) |
| 4:55 | Queue | Villager (Male) |
| 5:00 | Queue | Villager (Male) |
| 5:05 | Build | House |
| 5:30 | Build | House |
| 5:39 | Build | Mill |
| 5:43 | Queue | Villager (Male) |
| 5:48 | Queue | Villager (Male) |
| 6:19 | Queue | Villager (Male) |
| 6:35 | Queue | Villager (Male) |
| 6:54 | Queue | Villager (Male) |
| 7:27 | Build | Farm |
| 7:50 | Queue | Villager (Male) |
| 8:11 | Research | Feudal Age |
| 9:51 | Queue | Villager (Male) |
| 9:51 | Queue | Villager (Male) |
| 9:55 | Build | Farm |
| 9:57 | Build | Farm |
| 10:31 | Age | Feudal Age |
| 10:33 | Build | Market |
| 10:35 | Build | Blacksmith |
| 11:03 | Research | Double-Bit Axe |
| 11:30 | Research | Castle Age |
| 11:32 | Research | Double-Bit Axe |
| 11:33 | Research | Horse Collar |
| 11:42 | Build | Farm |
| 11:46 | Build | Farm |
| 12:47 | Queue | Villager (Male) |
| 14:10 | Age | Castle Age |
| 14:14 | Build | Town Center |
| 14:18 | Build | Town Center |
| 14:20 | Research | Bow Saw |
| 14:25 | Build | House |
| 14:29 | Queue | Villager (Male) |
| 14:36 | Research | Heavy Plow |
| 14:44 | Queue | Villager (Male) |
| 14:53 | Queue | Villager (Male) |
| 15:05 | Queue | Villager (Male) |
| 15:06 | Queue | Villager (Male) |
| 15:33 | Build | Farm |
| 15:33 | Build | Farm |
| 15:34 | Build | Farm |
| 15:34 | Build | Farm |
| 15:34 | Build | Farm |
| 15:42 | Queue | Villager (Male) |
| 16:01 | Build | Farm |
| 16:01 | Build | Farm |
| 16:04 | Build | Farm |
| 16:04 | Build | Farm |
| 16:07 | Queue | Villager (Male) |
| 16:12 | Build | Farm |
| 16:13 | Build | Farm |
| 16:24 | Build | House |
| 16:40 | Queue | Villager (Male) |
| 16:46 | Queue | Villager (Male) |
| 16:52 | Build | Farm |
| 16:55 | Build | Farm |
| 17:00 | Queue | Villager (Male) |
| 17:03 | Build | Farm |
| 17:10 | Build | Farm |
| 17:10 | Queue | Villager (Male) |
| 17:10 | Queue | Villager (Male) |
| 17:15 | Queue | Villager (Male) |
| 17:16 | Build | House |
| 17:20 | Build | Farm |
| 17:31 | Build | Farm |
| 17:33 | Queue | Villager (Male) |
| 17:33 | Queue | Villager (Male) |
| 17:39 | Queue | Villager (Male) |
| 17:42 | Build | Farm |
| 17:48 | Queue | Villager (Male) |
| 17:49 | Build | House |
| 17:57 | Build | Mining Camp |
| 17:58 | Queue | Villager (Male) |
| 18:08 | Queue | Villager (Male) |
| 18:13 | Build | Farm |
| 18:16 | Build | Farm |
| 18:18 | Queue | Villager (Male) |
| 18:18 | Queue | Villager (Male) |
| 18:26 | Build | Farm |
| 18:27 | Queue | Villager (Male) |
| 18:36 | Build | House |
| 18:37 | Build | House |
| 18:38 | Queue | Villager (Male) |
| 18:38 | Queue | Villager (Male) |
| 18:42 | Queue | Villager (Male) |
| 18:45 | Build | Lumber Camp |
| 18:54 | Build | Farm |
| 18:54 | Queue | Villager (Male) |
| 18:54 | Queue | Villager (Male) |
| 19:01 | Queue | Villager (Male) |
| 19:07 | Build | Farm |
| 19:14 | Build | Farm |
| 19:15 | Queue | Villager (Male) |
| 19:18 | Queue | Villager (Male) |
| 19:22 | Build | House |
| 19:23 | Build | House |
| 19:25 | Queue | Villager (Male) |
| 19:30 | Queue | Villager (Male) |
| 19:34 | Build | Farm |
| 19:37 | Build | Farm |
| 19:38 | Queue | Villager (Male) |
| 19:41 | Build | Farm |
| 19:46 | Build | Farm |
| 19:47 | Queue | Villager (Male) |
| 19:51 | Queue | Villager (Male) |
| 19:55 | Queue | Villager (Male) |
| 20:06 | Build | Mining Camp |
| 20:08 | Queue | Villager (Male) |
| 20:10 | Build | House |
| 20:11 | Build | House |
| 20:12 | Build | House |
| 20:13 | Queue | Villager (Male) |
| 20:14 | Queue | Villager (Male) |
| 20:17 | Research | Gold Mining |
| 20:26 | Build | Farm |
| 20:28 | Queue | Villager (Male) |
| 20:33 | Queue | Villager (Male) |
| 20:35 | Queue | Villager (Male) |
| 20:41 | Build | Farm |
| 20:45 | Queue | Villager (Male) |
| 20:45 | Queue | Villager (Male) |
| 20:52 | Research | Stone Mining |
| 20:53 | Queue | Villager (Male) |
| 21:02 | Build | Monastery |
| 21:03 | Queue | Villager (Male) |
| 21:03 | Queue | Villager (Male) |
| 21:05 | Queue | Villager (Male) |
| 21:13 | Build | Farm |
| 21:24 | Research | Wheelbarrow |
| 21:24 | Research | Wheelbarrow |
| 21:26 | Queue | Villager (Male) |
Build order — 摆烂菜鸟
First 150 of 393 actions detected
| 0:01 | Queue | Villager (Male) |
| 0:01 | Queue | Villager (Male) |
| 0:02 | Build | House |
| 0:03 | Build | House |
| 0:14 | Queue | Villager (Male) |
| 0:16 | Queue | Villager (Male) |
| 0:16 | Queue | Villager (Male) |
| 1:02 | Build | Palisade Gate |
| 1:07 | Build | Palisade Gate |
| 1:21 | Build | Palisade Gate |
| 1:29 | Build | Palisade Wall |
| 1:30 | Queue | Villager (Male) |
| 1:56 | Queue | Villager (Male) |
| 1:57 | Queue | Villager (Male) |
| 2:25 | Queue | Villager (Male) |
| 2:25 | Queue | Villager (Male) |
| 2:50 | Queue | Villager (Male) |
| 2:51 | Queue | Villager (Male) |
| 3:17 | Queue | Villager (Male) |
| 3:17 | Queue | Villager (Male) |
| 3:27 | Build | House |
| 3:37 | Queue | Villager (Male) |
| 3:38 | Queue | Villager (Male) |
| 4:05 | Build | Lumber Camp |
| 4:10 | Queue | Villager (Male) |
| 4:10 | Queue | Villager (Male) |
| 4:10 | Queue | Villager (Male) |
| 4:37 | Queue | Villager (Male) |
| 5:12 | Build | House |
| 5:23 | Queue | Villager (Male) |
| 5:23 | Queue | Villager (Male) |
| 6:02 | Build | Mill |
| 6:07 | Queue | Villager (Male) |
| 6:07 | Queue | Villager (Male) |
| 7:04 | Queue | Villager (Male) |
| 7:36 | Research | Feudal Age |
| 7:36 | Research | Feudal Age |
| 7:53 | Build | Farm |
| 7:56 | Build | Farm |
| 8:01 | Build | Farm |
| 8:21 | Build | Farm |
| 8:45 | Queue | Villager (Male) |
| 9:29 | Build | House |
| 9:45 | Age | Feudal Age |
| 9:47 | Build | Blacksmith |
| 9:49 | Build | Market |
| 10:12 | Queue | Villager (Male) |
| 10:41 | Research | Castle Age |
| 10:41 | Research | Castle Age |
| 11:10 | Research | Double-Bit Axe |
| 11:10 | Research | Double-Bit Axe |
| 11:37 | Research | Horse Collar |
| 12:13 | Queue | Villager (Male) |
| 12:13 | Queue | Villager (Male) |
| 13:21 | Age | Castle Age |
| 13:23 | Build | Monastery |
| 13:25 | Build | Town Center |
| 13:31 | Build | Town Center |
| 13:41 | Research | Bow Saw |
| 14:02 | Queue | Villager (Male) |
| 14:17 | Research | Heavy Plow |
| 14:41 | Queue | Villager (Male) |
| 14:44 | Build | Farm |
| 15:00 | Build | Farm |
| 15:01 | Build | Farm |
| 15:03 | Queue | Villager (Male) |
| 15:03 | Queue | Villager (Male) |
| 15:11 | Build | Farm |
| 15:14 | Build | Farm |
| 15:19 | Queue | Monk |
| 15:19 | Queue | Monk |
| 15:24 | Queue | Villager (Male) |
| 15:25 | Queue | Villager (Male) |
| 15:25 | Queue | Villager (Male) |
| 15:26 | Build | Farm |
| 15:36 | Build | Farm |
| 15:46 | Build | Farm |
| 15:47 | Queue | Villager (Male) |
| 15:47 | Queue | Villager (Male) |
| 15:53 | Build | Farm |
| 15:54 | Queue | Villager (Male) |
| 15:55 | Queue | Villager (Male) |
| 16:04 | Queue | Villager (Male) |
| 16:04 | Queue | Villager (Male) |
| 16:04 | Queue | Villager (Male) |
| 16:08 | Build | Farm |
| 16:16 | Build | Farm |
| 16:24 | Queue | Villager (Male) |
| 16:24 | Queue | Villager (Male) |
| 16:37 | Queue | Villager (Male) |
| 16:38 | Queue | Villager (Male) |
| 16:38 | Queue | Villager (Male) |
| 16:38 | Queue | Villager (Male) |
| 16:40 | Build | Farm |
| 16:42 | Build | Farm |
| 16:50 | Build | Farm |
| 16:51 | Queue | Villager (Male) |
| 16:52 | Queue | Villager (Male) |
| 17:10 | Queue | Villager (Male) |
| 17:10 | Queue | Villager (Male) |
| 17:13 | Build | Farm |
| 17:15 | Build | Farm |
| 17:15 | Queue | Villager (Male) |
| 17:18 | Build | Farm |
| 17:23 | Queue | Villager (Male) |
| 17:25 | Build | House |
| 17:32 | Queue | Villager (Male) |
| 17:32 | Queue | Villager (Male) |
| 17:37 | Queue | Villager (Male) |
| 17:39 | Build | Farm |
| 17:42 | Queue | Villager (Male) |
| 17:42 | Queue | Villager (Male) |
| 17:49 | Build | Farm |
| 17:58 | Build | House |
| 17:59 | Build | House |
| 18:01 | Queue | Villager (Male) |
| 18:15 | Queue | Villager (Male) |
| 18:17 | Build | Farm |
| 18:23 | Queue | Villager (Male) |
| 18:26 | Research | Wheelbarrow |
| 18:27 | Queue | Villager (Male) |
| 18:39 | Queue | Villager (Male) |
| 18:42 | Build | House |
| 18:45 | Queue | Villager (Male) |
| 18:50 | Build | Mining Camp |
| 18:53 | Queue | Villager (Male) |
| 19:07 | Queue | Villager (Male) |
| 19:09 | Build | Farm |
| 19:11 | Build | Farm |
| 19:11 | Build | Farm |
| 19:19 | Queue | Villager (Male) |
| 19:22 | Build | Farm |
| 19:23 | Build | Farm |
| 19:26 | Queue | Villager (Male) |
| 19:28 | Build | Farm |
| 19:31 | Build | Farm |
| 19:35 | Queue | Villager (Male) |
| 19:44 | Build | House |
| 19:45 | Queue | Villager (Male) |
| 19:47 | Queue | Villager (Male) |
| 19:48 | Queue | Villager (Male) |
| 19:52 | Queue | Villager (Male) |
| 19:55 | Queue | Villager (Male) |
| 19:56 | Build | Farm |
| 19:59 | Queue | Villager (Male) |
| 20:07 | Queue | Monk |
| 20:18 | Queue | Villager (Male) |
| 20:30 | Queue | Villager (Male) |
| 20:38 | Queue | Villager (Male) |
| 20:42 | Queue | Villager (Male) |
Build order — gottagou
First 150 of 274 actions detected
| 0:01 | Queue | Villager (Male) |
| 0:01 | Queue | Villager (Male) |
| 0:01 | Queue | Villager (Male) |
| 0:03 | Build | House |
| 0:04 | Build | House |
| 0:07 | Queue | Villager (Male) |
| 1:27 | Queue | Villager (Male) |
| 1:27 | Queue | Villager (Male) |
| 1:49 | Queue | Villager (Male) |
| 2:15 | Queue | Villager (Male) |
| 2:19 | Build | Lumber Camp |
| 2:34 | Queue | Villager (Male) |
| 2:45 | Queue | Villager (Male) |
| 3:08 | Queue | Villager (Male) |
| 3:19 | Build | House |
| 3:27 | Queue | Villager (Male) |
| 3:36 | Build | House |
| 4:25 | Queue | Villager (Male) |
| 4:28 | Queue | Villager (Male) |
| 4:32 | Build | House |
| 4:34 | Queue | Villager (Male) |
| 5:04 | Queue | Villager (Male) |
| 5:06 | Build | Mill |
| 5:17 | Queue | Villager (Male) |
| 5:58 | Build | Mill |
| 5:59 | Queue | Villager (Male) |
| 6:34 | Queue | Villager (Male) |
| 6:48 | Queue | Villager (Male) |
| 7:10 | Build | Mining Camp |
| 7:19 | Queue | Villager (Male) |
| 8:14 | Research | Feudal Age |
| 9:56 | Queue | Villager (Male) |
| 9:56 | Queue | Villager (Male) |
| 10:31 | Age | Feudal Age |
| 10:37 | Build | Market |
| 10:40 | Build | Blacksmith |
| 11:00 | Research | Loom |
| 11:23 | Build | Lumber Camp |
| 11:35 | Research | Castle Age |
| 11:55 | Research | Double-Bit Axe |
| 12:07 | Research | Horse Collar |
| 12:07 | Research | Horse Collar |
| 12:18 | Build | House |
| 12:19 | Build | House |
| 12:20 | Build | House |
| 12:36 | Build | Farm |
| 12:43 | Build | Farm |
| 12:50 | Build | Farm |
| 13:42 | Queue | Villager (Male) |
| 14:26 | Age | Castle Age |
| 14:28 | Build | Town Center |
| 14:32 | Queue | Villager (Male) |
| 14:37 | Build | Town Center |
| 14:42 | Queue | Villager (Male) |
| 14:48 | Build | Monastery |
| 15:06 | Queue | Villager (Male) |
| 15:11 | Queue | Monk |
| 15:24 | Build | Farm |
| 15:30 | Build | Farm |
| 15:34 | Build | Farm |
| 15:37 | Build | Farm |
| 15:39 | Queue | Villager (Male) |
| 16:01 | Queue | Villager (Male) |
| 16:01 | Queue | Villager (Male) |
| 16:01 | Queue | Villager (Male) |
| 16:05 | Build | Farm |
| 16:08 | Build | Farm |
| 16:13 | Build | Farm |
| 16:21 | Queue | Villager (Male) |
| 16:23 | Build | House |
| 16:26 | Build | House |
| 16:34 | Build | Farm |
| 16:41 | Build | Farm |
| 16:44 | Build | Farm |
| 16:49 | Queue | Villager (Male) |
| 16:51 | Build | Farm |
| 16:56 | Queue | Monk |
| 17:00 | Queue | Villager (Male) |
| 17:06 | Build | Farm |
| 17:08 | Build | Farm |
| 17:14 | Build | House |
| 17:15 | Build | House |
| 17:16 | Queue | Villager (Male) |
| 17:44 | Queue | Villager (Male) |
| 17:44 | Queue | Villager (Male) |
| 18:12 | Queue | Villager (Male) |
| 18:12 | Queue | Villager (Male) |
| 18:13 | Queue | Villager (Male) |
| 18:21 | Build | Farm |
| 18:25 | Build | Farm |
| 18:29 | Build | Farm |
| 18:32 | Build | Farm |
| 19:09 | Queue | Villager (Male) |
| 19:10 | Queue | Villager (Male) |
| 19:10 | Queue | Villager (Male) |
| 19:11 | Queue | Villager (Male) |
| 19:11 | Queue | Villager (Male) |
| 19:11 | Queue | Villager (Male) |
| 19:16 | Build | Siege Workshop |
| 19:17 | Queue | Monk |
| 19:31 | Queue | Villager (Male) |
| 19:33 | Queue | Villager (Male) |
| 19:36 | Queue | Villager (Male) |
| 19:46 | Queue | Villager (Male) |
| 19:52 | Build | Mining Camp |
| 19:54 | Queue | Villager (Male) |
| 19:57 | Build | House |
| 19:58 | Build | House |
| 19:58 | Build | House |
| 19:59 | Build | House |
| 19:59 | Build | House |
| 20:02 | Queue | Mangonel |
| 20:03 | Queue | Villager (Male) |
| 20:08 | Build | House |
| 20:09 | Build | House |
| 20:10 | Build | House |
| 20:12 | Queue | Villager (Male) |
| 20:16 | Queue | Villager (Male) |
| 20:34 | Build | House |
| 20:37 | Build | House |
| 20:39 | Build | House |
| 20:41 | Build | Palisade Wall |
| 20:53 | Queue | Monk |
| 20:55 | Queue | Mangonel |
| 20:59 | Queue | Villager (Male) |
| 20:59 | Queue | Villager (Male) |
| 20:59 | Queue | Villager (Male) |
| 21:03 | Build | Farm |
| 21:03 | Build | Farm |
| 21:10 | Queue | Villager (Male) |
| 21:17 | Queue | Villager (Male) |
| 21:25 | Queue | Villager (Male) |
| 21:26 | Queue | Villager (Male) |
| 21:34 | Build | University |
| 21:38 | Build | Farm |
| 21:38 | Build | Farm |
| 21:38 | Build | Farm |
| 21:38 | Build | Farm |
| 21:42 | Queue | Villager (Male) |
| 22:14 | Queue | Villager (Male) |
| 22:15 | Queue | Villager (Male) |
| 22:16 | Queue | Villager (Male) |
| 22:16 | Queue | Villager (Male) |
| 22:19 | Build | House |
| 22:22 | Build | House |
| 22:23 | Queue | Villager (Male) |
| 22:23 | Queue | Villager (Male) |
| 22:28 | Build | Outpost |
| 22:31 | Research | Town Watch |
| 22:34 | Queue | Villager (Male) |
Build order — Yuzu
First 150 of 207 actions detected
| 0:02 | Queue | Villager (Male) |
| 0:02 | Queue | Villager (Male) |
| 0:02 | Queue | Villager (Male) |
| 0:03 | Build | House |
| 0:04 | Build | House |
| 0:24 | Queue | Villager (Male) |
| 1:26 | Queue | Villager (Male) |
| 1:26 | Queue | Villager (Male) |
| 2:00 | Queue | Villager (Male) |
| 2:01 | Queue | Villager (Male) |
| 2:21 | Queue | Villager (Male) |
| 2:21 | Queue | Villager (Male) |
| 2:53 | Queue | Villager (Male) |
| 2:54 | Queue | Villager (Male) |
| 3:24 | Queue | Villager (Male) |
| 3:57 | Build | House |
| 4:11 | Queue | Villager (Male) |
| 4:11 | Queue | Villager (Male) |
| 4:46 | Queue | Villager (Male) |
| 5:20 | Queue | Villager (Male) |
| 5:49 | Queue | Villager (Male) |
| 5:56 | Build | House |
| 6:10 | Queue | Villager (Male) |
| 6:22 | Build | Lumber Camp |
| 6:33 | Queue | Villager (Male) |
| 6:45 | Queue | Villager (Male) |
| 7:14 | Queue | Villager (Male) |
| 7:22 | Build | Mill |
| 7:51 | Queue | Villager (Male) |
| 7:55 | Queue | Villager (Male) |
| 7:58 | Build | House |
| 8:15 | Queue | Villager (Male) |
| 8:35 | Queue | Villager (Male) |
| 9:18 | Build | Farm |
| 9:21 | Build | Farm |
| 9:31 | Research | Feudal Age |
| 9:31 | Research | Feudal Age |
| 9:31 | Research | Feudal Age |
| 9:34 | Build | Mining Camp |
| 9:38 | Build | Barracks |
| 9:42 | Build | Farm |
| 9:54 | Build | Farm |
| 10:51 | Queue | Villager (Male) |
| 10:51 | Queue | Villager (Male) |
| 11:47 | Age | Feudal Age |
| 11:50 | Build | Stable |
| 11:52 | Build | Blacksmith |
| 12:36 | Research | Castle Age |
| 12:45 | Build | Mining Camp |
| 13:02 | Build | House |
| 13:51 | Queue | Villager (Male) |
| 14:14 | Build | Market |
| 14:20 | Build | House |
| 14:27 | Research | Bloodlines |
| 14:48 | Research | Gold Mining |
| 15:11 | Queue | Spearman |
| 15:17 | Age | Castle Age |
| 15:23 | Queue | Villager (Male) |
| 15:46 | Queue | Villager (Male) |
| 15:51 | Build | Siege Workshop |
| 15:58 | Build | Castle |
| 16:03 | Queue | Villager (Male) |
| 16:09 | Research | Padded Archer Armor |
| 16:25 | Research | Loom |
| 16:39 | Build | Siege Workshop |
| 16:50 | Queue | Villager (Male) |
| 16:59 | Queue | Mangonel |
| 17:10 | Queue | Villager (Male) |
| 17:15 | Build | Mining Camp |
| 17:38 | Build | Farm |
| 17:42 | Queue | Arambai |
| 17:43 | Queue | Arambai |
| 17:43 | Queue | Arambai |
| 17:43 | Queue | Arambai |
| 17:46 | Queue | Villager (Male) |
| 18:04 | Queue | Arambai |
| 18:04 | Queue | Arambai |
| 18:04 | Queue | Arambai |
| 18:05 | Queue | Villager (Male) |
| 18:25 | Queue | Arambai |
| 18:25 | Queue | Arambai |
| 18:27 | Queue | Villager (Male) |
| 18:47 | Queue | Arambai |
| 19:18 | Queue | Villager (Male) |
| 19:21 | Queue | Arambai |
| 19:22 | Build | Farm |
| 19:22 | Build | Farm |
| 19:37 | Queue | Arambai |
| 19:47 | Queue | Villager (Male) |
| 19:52 | Build | Farm |
| 19:59 | Queue | Battering Ram |
| 20:00 | Queue | Battering Ram |
| 20:03 | Queue | Villager (Male) |
| 20:17 | Queue | Arambai |
| 20:18 | Queue | Arambai |
| 20:26 | Build | University |
| 20:30 | Queue | Villager (Male) |
| 20:39 | Build | Lumber Camp |
| 20:56 | Queue | Arambai |
| 21:03 | Queue | Villager (Male) |
| 21:04 | Build | Farm |
| 21:23 | Queue | Arambai |
| 21:44 | Research | Ballistics |
| 21:44 | Research | Ballistics |
| 21:59 | Queue | Arambai |
| 22:16 | Queue | Mangonel |
| 22:17 | Queue | Mangonel |
| 22:18 | Queue | Villager (Male) |
| 22:24 | Queue | Villager (Male) |
| 22:38 | Build | House |
| 22:39 | Build | House |
| 22:42 | Build | Mining Camp |
| 22:50 | Queue | Arambai |
| 23:05 | Build | Mining Camp |
| 23:08 | Queue | Villager (Male) |
| 23:18 | Queue | Arambai |
| 23:18 | Queue | Arambai |
| 23:30 | Queue | Villager (Male) |
| 23:33 | Queue | Arambai |
| 23:37 | Build | House |
| 23:53 | Queue | Battering Ram |
| 24:09 | Queue | Villager (Male) |
| 24:12 | Queue | Arambai |
| 24:13 | Queue | Arambai |
| 24:26 | Queue | Arambai |
| 24:26 | Queue | Arambai |
| 24:28 | Build | Outpost |
| 24:42 | Queue | Mangonel |
| 24:44 | Queue | Villager (Male) |
| 25:05 | Build | Farm |
| 25:10 | Queue | Arambai |
| 25:20 | Queue | Villager (Male) |
| 25:26 | Queue | Arambai |
| 25:35 | Queue | Mangonel |
| 25:42 | Build | Farm |
| 25:52 | Queue | Arambai |
| 25:53 | Queue | Villager (Male) |
| 26:26 | Queue | Villager (Male) |
| 26:27 | Queue | Battering Ram |
| 26:31 | Build | Farm |
| 26:33 | Queue | Arambai |
| 26:34 | Queue | Arambai |
| 26:44 | Queue | Villager (Male) |
| 27:00 | Build | House |
| 27:01 | Build | House |
| 27:04 | Build | Farm |
| 27:09 | Queue | Battering Ram |
| 27:26 | Build | Castle |
| 27:33 | Queue | Villager (Male) |
| 27:39 | Queue | Arambai |
Build order — knife
First 150 of 331 actions detected
| 0:03 | Queue | Villager (Male) |
| 0:03 | Queue | Villager (Male) |
| 0:05 | Build | House |
| 0:07 | Build | House |
| 0:14 | Queue | Villager (Male) |
| 0:14 | Queue | Villager (Male) |
| 1:37 | Queue | Villager (Male) |
| 1:37 | Queue | Villager (Male) |
| 1:37 | Queue | Villager (Male) |
| 2:09 | Queue | Villager (Male) |
| 2:09 | Queue | Villager (Male) |
| 2:09 | Queue | Villager (Male) |
| 2:19 | Build | Lumber Camp |
| 2:37 | Queue | Villager (Male) |
| 2:37 | Queue | Villager (Male) |
| 3:09 | Queue | Villager (Male) |
| 3:09 | Queue | Villager (Male) |
| 3:09 | Queue | Villager (Male) |
| 3:09 | Queue | Villager (Male) |
| 3:21 | Queue | Villager (Male) |
| 3:31 | Build | House |
| 3:38 | Build | House |
| 3:44 | Queue | Villager (Male) |
| 4:06 | Queue | Villager (Male) |
| 4:07 | Queue | Villager (Male) |
| 4:07 | Queue | Villager (Male) |
| 4:20 | Build | Palisade Wall |
| 4:30 | Build | House |
| 4:36 | Build | Palisade Wall |
| 4:45 | Queue | Villager (Male) |
| 4:50 | Build | Palisade Gate |
| 4:59 | Build | Palisade Gate |
| 5:19 | Queue | Villager (Male) |
| 5:20 | Queue | Villager (Male) |
| 5:20 | Queue | Villager (Male) |
| 5:25 | Build | Palisade Wall |
| 5:35 | Queue | Villager (Male) |
| 5:35 | Queue | Villager (Male) |
| 5:35 | Queue | Villager (Male) |
| 5:36 | Queue | Villager (Male) |
| 5:42 | Build | Palisade Wall |
| 5:44 | Build | Palisade Wall |
| 5:49 | Build | Palisade Wall |
| 5:53 | Build | Palisade Wall |
| 6:00 | Build | Mill |
| 6:09 | Queue | Villager (Male) |
| 6:10 | Queue | Villager (Male) |
| 6:29 | Queue | Villager (Male) |
| 6:29 | Queue | Villager (Male) |
| 7:24 | Queue | Villager (Male) |
| 7:52 | Queue | Villager (Male) |
| 7:53 | Queue | Villager (Male) |
| 8:07 | Queue | Villager (Male) |
| 8:42 | Queue | Villager (Male) |
| 8:47 | Build | Mining Camp |
| 8:59 | Research | Feudal Age |
| 8:59 | Research | Feudal Age |
| 9:48 | Build | Barracks |
| 10:34 | Build | Farm |
| 10:35 | Build | Farm |
| 11:08 | Queue | Villager (Male) |
| 11:17 | Age | Feudal Age |
| 11:25 | Build | Stable |
| 11:27 | Build | Archery Range |
| 11:30 | Build | Blacksmith |
| 11:39 | Queue | Villager (Male) |
| 11:53 | Build | Farm |
| 11:55 | Build | Farm |
| 12:19 | Research | Castle Age |
| 12:19 | Research | Castle Age |
| 12:56 | Build | Farm |
| 12:57 | Build | Farm |
| 13:00 | Research | Double-Bit Axe |
| 13:00 | Research | Double-Bit Axe |
| 13:26 | Research | Horse Collar |
| 13:26 | Research | Horse Collar |
| 14:36 | Queue | Scout Cavalry |
| 14:47 | Queue | Villager (Male) |
| 14:59 | Age | Castle Age |
| 15:05 | Build | Town Center |
| 15:07 | Queue | Villager (Male) |
| 15:20 | Queue | Scout Cavalry |
| 15:25 | Queue | Spearman |
| 15:32 | Queue | Knight |
| 16:04 | Queue | Villager (Male) |
| 16:09 | Build | Siege Workshop |
| 16:23 | Build | Town Center |
| 16:42 | Queue | Villager (Male) |
| 16:56 | Queue | Villager (Male) |
| 16:56 | Queue | Villager (Male) |
| 16:57 | Queue | Villager (Male) |
| 16:59 | Build | Farm |
| 17:00 | Build | Farm |
| 17:02 | Build | Farm |
| 17:03 | Queue | Villager (Male) |
| 17:21 | Build | Siege Workshop |
| 17:26 | Queue | Villager (Male) |
| 17:32 | Queue | Villager (Male) |
| 17:37 | Build | Farm |
| 17:41 | Build | Farm |
| 17:44 | Build | Farm |
| 17:45 | Build | Farm |
| 17:51 | Research | Loom |
| 17:52 | Queue | Villager (Male) |
| 17:52 | Queue | Villager (Male) |
| 17:52 | Queue | Villager (Male) |
| 18:04 | Build | Farm |
| 18:05 | Build | Farm |
| 18:07 | Build | Farm |
| 18:09 | Queue | Villager (Male) |
| 18:09 | Queue | Villager (Male) |
| 18:18 | Build | House |
| 18:18 | Build | House |
| 18:21 | Build | House |
| 18:22 | Queue | Villager (Male) |
| 18:29 | Build | Farm |
| 18:45 | Queue | Villager (Male) |
| 19:03 | Queue | Mangonel |
| 19:03 | Queue | Mangonel |
| 19:08 | Queue | Villager (Male) |
| 19:14 | Build | House |
| 19:27 | Queue | Villager (Male) |
| 19:30 | Queue | Scorpion |
| 19:30 | Queue | Scorpion |
| 19:32 | Queue | Villager (Male) |
| 19:33 | Queue | Villager (Male) |
| 19:41 | Research | Town Watch |
| 19:46 | Build | House |
| 19:56 | Build | Farm |
| 19:57 | Build | Farm |
| 19:58 | Queue | Villager (Male) |
| 19:59 | Queue | Villager (Male) |
| 20:05 | Queue | Villager (Male) |
| 20:13 | Queue | Battering Ram |
| 20:13 | Queue | Battering Ram |
| 20:23 | Queue | Villager (Male) |
| 21:14 | Queue | Scorpion |
| 21:56 | Queue | Villager (Male) |
| 21:58 | Queue | Scorpion |
| 21:59 | Queue | Villager (Male) |
| 21:59 | Queue | Villager (Male) |
| 21:59 | Queue | Villager (Male) |
| 22:00 | Queue | Villager (Male) |
| 22:17 | Queue | Scorpion |
| 22:18 | Queue | Villager (Male) |
| 22:18 | Queue | Villager (Male) |
| 22:18 | Queue | Villager (Male) |
| 22:19 | Queue | Villager (Male) |
| 22:23 | Build | Farm |
| 22:33 | Queue | Villager (Male) |
Match timeline
| 1:29 | 摆烂菜鸟 · wall_segment Palisade Wall x6 |
| 2:34 | weski · wall_segment Palisade Wall x1 |
| 2:37 | weski · wall_segment Palisade Wall x1 |
| 2:39 | weski · wall_segment Palisade Wall x1 |
| 2:42 | Kaarlos · wall_segment Palisade Wall x13 |
| 2:43 | Kaarlos · wall_segment Palisade Wall x2 |
| 2:43 | weski · wall_segment Palisade Wall x1 |
| 2:46 | weski · wall_segment Palisade Wall x1 |
| 2:51 | weski · wall_segment Palisade Wall x1 |
| 2:53 | weski · wall_segment Palisade Wall x1 |
| 2:56 | weski · wall_segment Palisade Wall x1 |
| 2:58 | weski · wall_segment Palisade Wall x1 |
| 3:01 | weski · wall_segment Palisade Wall x1 |
| 3:04 | weski · wall_segment Palisade Wall x1 |
| 3:08 | weski · wall_segment Palisade Wall x1 |
| 3:10 | weski · wall_segment Palisade Wall x1 |
| 3:12 | weski · wall_segment Palisade Wall x1 |
| 4:20 | knife · wall_segment Palisade Wall x1 |
| 4:36 | knife · wall_segment Palisade Wall x1 |
| 5:25 | knife · wall_segment Palisade Wall x1 |
| 5:42 | knife · wall_segment Palisade Wall x1 |
| 5:44 | knife · wall_segment Palisade Wall x1 |
| 5:49 | knife · wall_segment Palisade Wall x1 |
| 5:53 | knife · wall_segment Palisade Wall x1 |
| 9:38 | Yuzu · first_building Barracks |
| 9:45 | 摆烂菜鸟 · age_up feudal |
| 9:48 | knife · first_building Barracks |
| 10:31 | Kaarlos · age_up feudal |
| 10:31 | ARKINE · age_up feudal |
| 10:31 | gottagou · age_up feudal |
| 10:38 | 摆烂菜鸟 · first_market_sell 100 wood |
| 10:56 | 姆狗 · age_up feudal |
| 11:17 | knife · age_up feudal |
| 11:23 | weski · age_up feudal |
| 11:25 | knife · first_building Stable |
| 11:27 | knife · first_building Archery Range |
| 11:47 | Yuzu · age_up feudal |
| 11:50 | Yuzu · first_building Stable |
| 13:21 | 摆烂菜鸟 · age_up castle |
| 13:23 | 摆烂菜鸟 · first_building Monastery |
| 14:04 | ARKINE · age_up castle |
| 14:10 | Kaarlos · age_up castle |
| 14:26 | gottagou · age_up castle |
| 14:41 | 姆狗 · age_up castle |
| 14:48 | gottagou · first_building Monastery |
| 14:59 | knife · age_up castle |
| 15:08 | weski · age_up castle |
| 15:09 | 姆狗 · first_building Castle |
| 15:17 | Yuzu · age_up castle |
| 15:23 | weski · first_market_buy 100 stone |
| 15:51 | Yuzu · first_building Siege Workshop |
| 15:58 | Yuzu · first_building Castle |
| 16:08 | Yuzu · first_market_buy 100 food |
| 16:09 | knife · first_building Siege Workshop |
| 16:57 | Yuzu · first_market_sell 100 food |
| 17:24 | ARKINE · first_building Monastery |
| 17:25 | 姆狗 · first_building Siege Workshop |
| 19:16 | gottagou · first_building Siege Workshop |
| 20:41 | gottagou · wall_segment Palisade Wall x1 |
| 20:49 | gottagou · first_market_sell 100 wood |
| 21:02 | Kaarlos · first_building Monastery |
| 22:05 | weski · first_building Monastery |
| 22:25 | 姆狗 · first_market_sell 100 wood |
| 22:27 | ARKINE · first_market_sell 100 food |
| 22:43 | ARKINE · first_building Barracks |
| 23:12 | 摆烂菜鸟 · first_building Barracks |
| 24:07 | Kaarlos · first_market_sell 100 food |
| 24:10 | ARKINE · first_building Siege Workshop |
| 24:11 | knife · first_building Castle |
| 24:14 | gottagou · first_market_buy 100 stone |
| 24:23 | gottagou · first_building Castle |
| 24:56 | Kaarlos · first_building Castle |
| 25:09 | weski · first_building Castle |
| 25:26 | ARKINE · first_building Castle |
| 25:50 | 摆烂菜鸟 · first_building Archery Range |
| 25:51 | gottagou · wall_segment Stone Wall x7 |
| 25:59 | ARKINE · age_up imperial |
| 26:00 | weski · first_building Barracks |
| 26:04 | gottagou · wall_segment Stone Wall x4 |
| 26:09 | Kaarlos · first_building Barracks |
| 26:10 | 摆烂菜鸟 · first_building Castle |
| 26:17 | gottagou · wall_segment Stone Wall x18 |
| 26:46 | weski · first_building Archery Range |
| 27:03 | gottagou · wall_segment Stone Wall x12 |
| 27:05 | 摆烂菜鸟 · first_market_buy 100 wood |
| 27:10 | 摆烂菜鸟 · first_building Siege Workshop |
| 27:25 | weski · first_market_sell 100 wood |
| 27:29 | Kaarlos · first_building Archery Range |
| 27:43 | Kaarlos · age_up imperial |
| 27:52 | gottagou · wall_segment Stone Wall x1 |
| 28:05 | weski · age_up imperial |
| 28:05 | 摆烂菜鸟 · age_up imperial |
| 28:50 | gottagou · wall_segment Stone Wall x1 |
| 29:04 | weski · wall_segment Palisade Wall x1 |
| 29:45 | Kaarlos · first_building Stable |
| 30:02 | gottagou · age_up imperial |
| 30:26 | gottagou · wall_segment Stone Wall x7 |
| 30:30 | gottagou · wall_segment Stone Wall x6 |
| 30:31 | knife · first_market_buy 100 food |
| 30:48 | gottagou · wall_segment Stone Wall x8 |
| 30:57 | gottagou · wall_segment Stone Wall x10 |
| 31:11 | gottagou · wall_segment Stone Wall x4 |
| 31:25 | gottagou · wall_segment Stone Wall x2 |
| 31:28 | gottagou · wall_segment Stone Wall x10 |
| 31:36 | gottagou · wall_segment Stone Wall x1 |
| 31:37 | gottagou · wall_segment Stone Wall x1 |
| 31:47 | gottagou · wall_segment Stone Wall x7 |
| 31:49 | gottagou · wall_segment Stone Wall x1 |
| 32:23 | gottagou · first_building Barracks |
| 32:45 | gottagou · resign |
| 32:47 | 姆狗 · age_up imperial |
| 33:43 | knife · age_up imperial |
| 33:48 | 姆狗 · first_building Barracks |
| 34:00 | knife · first_market_sell 100 wood |
| 34:34 | 姆狗 · first_building Archery Range |
[ AI ANALYSIS · 1 CREDIT ]
What really happened in this match?
Wolo.gg analyzes every decision: build order, eco, micro, common mistakes by bracket. Personalized analysis on WhatsApp or Discord in 30 seconds.
Civ guide
Britons
Perfil
Jugador #4898699